 Dungeon Crawl Stone Soup version 0.27-a0-1196-g3e9cee4cb2 (webtiles) character file.

Game seed: 12707227478411641056

1071 freelancePsychic the Ruffian (level 8, -5/78 HPs)
             Began as a Troll Earth Elementalist on May 29, 2021.
             Was a Follower of Cheibriados.
             Slain by a lemure (6 damage)
             ... led by Pikel
             ... on level 5 of the Dungeon.
             The game lasted 00:11:26 (4341 turns).

freelancePsychic the Ruffian (TrEE)                 Turns: 4341, Time: 00:11:26

Health: -5/78      AC:  4    Str: 19    XL:     8   Next: 7%
Magic:  8/8        EV:  5    Int: 15    God:    Cheibriados [*.....]
Gold:   263        SH: 13    Dex: 18    Spells: 6/9 levels left

rFire    . . .     SeeInvis .     - Unarmed
rCold    . . .     Faith    .   l - +0 tower shield
rNeg     . . .     Spirit   .   c - +0 robe
rPois    .         Reflect  .   (helmet restricted)
rElec    .         Harm     .   (no cloak)
rCorr    .         Rampage  .   (gloves unavailable)
Will     .....                  (boots unavailable)
Stlth    ++........             i - amulet of the acrobat
HPRegen  1.23/turn              a - ring of wizardry
MPRegen  0.11/turn              k - +6 ring of dexterity

@: very slow
A: large, unfitting armour, claws 3, regeneration 1, shaggy fur 1, tough skin 1
a: Renounce Religion, Bend Time


You were on level 5 of the Dungeon.
You worshipped Cheibriados.
Cheibriados was aware of your devotion.
You visited 2 branches of the dungeon, and saw 7 of its levels.
You also visited: Sewer.

You collected 263 gold pieces.

Inventory:

Missiles
 b - 265 stones
Armour
 c - a +0 robe (worn)
 l - a +0 tower shield (worn)
Jewellery
 a - a ring of wizardry (left claw)
 i - an amulet of the acrobat (around neck)
 k - a +6 ring of dexterity (right claw)
Potions
 d - 2 potions of ambrosia
 e - a potion of haste {unknown}
 f - a potion of lignification {unknown}
 g - a potion of mutation {unknown}
 h - 3 potions of attraction
 j - a potion of might
 n - a potion of resistance {unknown}


   Skills:
 + Level 4.2 Fighting
 - Level 1.5 Dodging
 - Level 1.0 Stealth
 * Level 2.0 Shields
 - Level 6.8 Unarmed Combat
 - Level 1.2 Spellcasting
 - Level 0.6 Transmutations
 + Level 3.3 Earth Magic


You had 6 spell levels left.
You knew the following spells:

 Your Spells              Type           Power      Damage    Failure   Level
a - Sandblast             Erth           20%        2d7       38%         1
b - Passwall              Tmut/Erth      5%         N/A       69%         2

Your spell library contained the following spells:

 Spells                   Type           Power      Damage    Failure   Level
 Sting                    Tmut/Pois      4%         1d3       77%         1
 Corona                   Hex            0%         N/A       82%         1
 Ensorcelled Hibernation  Hex/Ice        0%         N/A       91%         2
 Poisonous Vapours        Pois/Air       0%         N/A       91%         2
 Stone Arrow              Conj/Erth      10%        3d7       91%         3
 Ignite Poison            Fire/Tmut/Pois 1%         N/A       98%         3
 Confusing Touch          Hex            0%         N/A       99%         3
 Dazzling Flash           Conj/Hex       0%         N/A       99%         3
 Gell's Gravitas          Tloc           0%         N/A       99%         3
 Mephitic Cloud           Conj/Pois/Air  0%         N/A       99%         3
 Tukima's Dance           Hex            0%         N/A       99%         3
 Petrify                  Tmut/Erth      6%         N/A       99%         4
 Olgreb's Toxic Radiance  Pois           0%         N/A       100%        4
 Lee's Rapid Deconstruct  Erth           5%         3d7*      100%        5
 Metabolic Englaciation   Hex/Ice        0%         N/A       100%        5
 Yara's Violent Unravell  Hex/Tmut       0%         3d3       100%        5


Dungeon Overview and Level Annotations

Branches:
Dungeon (6/15)             Temple (1/1) D:5           Sewer (visited)

Altars:
Cheibriados
Elyvilon
Fedhas
Kikubaaqudgha
Makhleb
Okawaru
Sif Muna
Uskayaw
Vehumet
Wu Jian
Xom
Yredelemnul

Annotations:
D:2 Sigmund
D:5 Pikel


Innate Abilities, Weirdness & Mutations

You are too large for most types of armour.
You have claws for hands.
Your natural rate of healing is unusually fast.
You are covered in fur. (AC +1)
You have tough skin. (AC +1)


Message History

You claw Pikel!
Pikel is almost dead.
The lemure hits you but does no damage. You block the lemure's attack.
Pikel barely misses you. The lemure hits you.
The lemure hits you but does no damage.
You scratch Pikel.
Pikel is almost dead.
You block Pikel's attack. You block the lemure's attack. x2
You barely miss Pikel.
Pikel is almost dead.
Pikel hits you with a +0 whip of flaming.
Pikel burns you. The lemure hits you but does no damage.
You block the lemure's attack.
Pikel hits you with a +0 whip of flaming!
Pikel burns you.
You completely miss Pikel.
Pikel is almost dead.
The lemure hits you but does no damage. You block the lemure's attack.
Pikel hits you with a +0 whip of flaming!
Pikel burns you. The lemure hits you but does no damage. The lemure hits you.
Okay, then.
You barely miss Pikel.
Pikel is almost dead.
Pikel hits you with a +0 whip of flaming.
* * * LOW HITPOINT WARNING * * *
Pikel burns you.
* * * LOW HITPOINT WARNING * * *
The lemure hits you!
* * * LOW HITPOINT WARNING * * *
The lemure hits you!
* * * LOW HITPOINT WARNING * * *
As you read the scroll labelled DAF TAOGOEPUE, it crumbles to dust.
The creatures around you are filled with an inner flame!
It was a scroll of immolation.
Pikel hits you with a +0 whip of flaming.
* * * LOW HITPOINT WARNING * * *
Pikel burns you.
* * * LOW HITPOINT WARNING * * *
The lemure barely misses you. The lemure hits you.
You die...

.......#....))....##..###...#....
.......#..#.......###.#..........
##.......##........##.#..........
...#.)...##...........#..........
..###..#..#.......##.............
...#..##.##.......###.##.........
..........#.......##...........#.
.....##........5K..#.............
#...#####.......@..#.............
....## #......5.................
...#.# ##....................<...
..##)###....##...................
.......#...###....#..............
.........###......#.........#..#.
#......### #....####.....##.#..#.
#.......# #.....####...######...
......### ##.....##..(...# #....


You could see Pikel (inner flame) and 2 lemures.

Vanquished Creatures
  Menkaure (D:6)
  A water moccasin (Sewer)
  2 black bears (D:5)
  2 lemures (D:5)
  A kobold brigand (D:5)
  3 hounds
  A centaur skeleton (D:5)
  An orc priest (D:5)
  2 jellies
  Jessica (D:2)
  3 iguanas
  Terence (D:3)
  An orc wizard (D:5)
  A howler monkey zombie (D:5)
  7 gnolls
  4 adders
  A white imp (D:5)
  An adder skeleton (D:4)
  A worm (D:2)
  10 orcs
  6 ball pythons
  9 bats
  2 endoplasms
  3 giant cockroaches
  6 hobgoblins
  9 jackals
  12 kobolds
  6 quokkas
  A frilled lizard (D:2)
  8 goblins
  A jackal skeleton (D:4)
  8 rats
116 creatures vanquished.

Notes
Turn   | Place    | Note
-------+----------+-------------------------------------------
     0 | D:1      | freelancePsychic the Troll Earth Elementalist began the
                  | quest for the Orb.
     0 | D:1      | Reached XP level 1. HP: 16/16 MP: 1/1
    83 | D:1      | Reached skill level 1 in Unarmed Combat
   170 | D:1      | Reached XP level 2. HP: 24/26 MP: 2/2
   758 | D:2      | Learned a level 2 spell: Passwall
   788 | D:2      | Reached skill level 1 in Fighting
   788 | D:2      | Reached skill level 2 in Unarmed Combat
   788 | D:2      | Reached XP level 3. HP: 33/33 MP: 3/3
   828 | D:2      | Noticed Sigmund
  1018 | D:2      | Reached XP level 4. HP: 41/41 MP: 4/4
  1053 | D:2      | Reached skill level 3 in Unarmed Combat
  1298 | D:2      | Found a faded altar of an unknown god.
  1314 | D:2      | Noticed Jessica
  1323 | D:2      | Killed Jessica
  1389 | D:2      | Reached XP level 5. HP: 47/49 MP: 1/5
  1663 | D:3      | Noticed Terence
  1824 | D:3      | Reached skill level 4 in Unarmed Combat
  1839 | D:3      | Killed Terence
  2301 | D:3      | Found a shimmering altar of Xom.
  2301 | D:3      | Found a burning altar of Makhleb.
  2516 | D:4      | Found a glowing drain.
  2531 | Sewer    | Entered a sewer
  2560 | Sewer    | Noticed a water moccasin
  2570 | Sewer    | Killed a water moccasin
  2571 | Sewer    | Reached skill level 5 in Unarmed Combat
  2571 | Sewer    | Reached XP level 6. HP: 56/59 MP: 6/6
  3339 | D:5      | Entered Level 5 of the Dungeon
  3428 | D:5      | Reached skill level 6 in Unarmed Combat
  3428 | D:5      | Reached XP level 7. HP: 54/67 MP: 7/7
  3624 | D:5      | Found a staircase to the Ecumenical Temple.
  3635 | D:5      | Identified the +3 flail "Qiceulon" {drain, +Rage Int+4
                  | Dex-5}
  3646 | Temple   | Entered the Ecumenical Temple
  3705 | Temple   | Became a worshipper of Cheibriados the Contemplative
  4034 | D:5      | Found a radiant altar of Vehumet.
  4034 | D:5      | Found a basalt altar of Yredelemnul.
  4044 | D:5      | Found a white marble altar of Elyvilon.
  4047 | D:5      | Found a shimmering blue altar of Sif Muna.
  4200 | D:6      | Noticed Menkaure
  4206 | D:5      | Reached skill level 1 in Shields
  4225 | D:6      | Reached * piety under Cheibriados
  4235 | D:6      | Killed Menkaure
  4236 | D:6      | Reached XP level 8. HP: 51/78 MP: 8/8
  4288 | D:6      | Noticed Pikel
  4340 | D:5      | HP: 3/78 [lemure[Pikel] (8)]
  4341 | D:5      | HP: 1/78 [Pikel/+0 whip of flaming (1)]
  4341 | D:5      | Slain by a lemure

Illustrated notes

Levels and vault maps discovered:
D:1:      lightli_arrival_lavapool, layout_loops_cross
D:2:      layout_loops_cross, hellmonk_ecumenical_altar_crossroads,
          grunt_ministairs_1, minmay_surrounded, uniq_sigmund, uniq_jessica
D:3:      layout_basic, grunt_temple_overflow_champion_of_chaos, moated_statue,
          uniq_terence
D:4:      layout_gridville, portal_sewer_entry_a
D:5:      layout_cave_pools, grunt_temple_overflow_open,
          minmay_temple_entry_arrows
D:6:      layout_rooms, amethyst_overflow_temple_binary, uniq_pikel,
          uniq_menkaure
Temple:   minmay_temple_curvy_loop

Skill      XL: |  1  2  3  4  5  6  7  8 |
---------------+-------------------------+-----
Unarmed Combat | 1 2 3 5 6 |  6.8
Fighting       | 1 2 3 4 |  4.2
Shields        | 1 2 |  2.0
Earth Magic    | 3 |  3.3
Dodging        | |  1.5
Stealth        | |  1.0
Spellcasting   | |  1.2
Transmutations | |  0.6

Action                   |  1- 3 |  4- 6 |  7- 9 || total
-------------------------+-------+-------+-------++-------
Melee: Unarmed           |    78 |   210 |   100 ||   388
       Punch             |       |     1 |     2 ||     3
 Cast: Sandblast         |     3 |    16 |     1 ||    20
       Passwall          |       |     6 |       ||     6
  Use: Potion            |       |     4 |       ||     4
       Scroll            |       |     5 |     4 ||     9
 Stab: Sleeping          |     1 |     1 |       ||     2
Armor: Robe              |    29 |    59 |    36 ||   124
Dodge: Dodged            |    53 |   104 |    42 ||   199
Block: Tower shield      |       |       |    59 ||    59

Table legend: (Time is in decaauts)
 A = Elapsed time spent in this place.
 B = Non-inter-level travel time spent in this place.
 C = Inter-level travel time spent in this place.
 D = Time resting spent in this place.
 E = Time spent auto-exploring this place.
 F = Levels seen in this place.
 G = Mean time per level.
                   A        B        C        D        E       F      G
               +--------+--------+--------+--------+--------+-----+--------+
         Total |   4471 |   4338 |    133 |    147 |   3046 |   8 |  558.9 |
       Dungeon |   4188 |   4081 |    107 |    147 |   2830 |   6 |  698.0 |
        Temple |    192 |    167 |     25 |      0 |    158 |   1 |  192.0 |
         Sewer |     90 |     90 |      0 |      0 |     58 |   1 |   90.0 |
               +--------+--------+--------+--------+--------+-----+--------+

Top non-repeatable levels by time:
     D:2: 955 daAuts
     D:4: 917 daAuts
     D:5: 838 daAuts
     D:1: 724 daAuts
     D:3: 642 daAuts
  Temple: 192 daAuts
     D:6: 111 daAuts
   Sewer: 90 daAuts
